 Dungeon Crawl Stone Soup version 0.22-a0-567-gff9aefc (webtiles) character file.

2 lemonriz the Stinger (level 1, 0/15 HPs)
             Began as a Naga Venom Mage on June 29, 2018.
             Slain by a goblin
             ... wielding a +0 dagger
              (2 damage)
             ... on level 1 of the Dungeon.
             The game lasted 00:00:39 (122 turns).

lemonriz the Stinger (Naga Venom Mage)               Turns: 122, Time: 00:00:40

Health: 0/15       AC:  1    Str: 10    XL:     1   Next: 40%
Magic:  1/3        EV: 10    Int: 15    God:
Gold:   32         SH:  0    Dex: 11    Spells: 3/4 levels left

rFire    . . .     SeeInvis +   e - +0 dagger
rCold    . . .     Gourm    .   (no shield)
rNeg     . . .     Faith    .   a - +0 robe
rPois    +         Spirit   .   (no helmet)
rElec    .         Reflect  .   (no cloak)
rCorr    .         Harm     .   (no gloves)
MR       .....                  (no barding)
Stlth    ++........             (no amulet)
HPRegen  0.05/turn              (no ring)
MPRegen  0.08/turn              (no ring)

@: very slow
A: large, see invisible, deformed body, poison resistance, slowness 2, slow
metabolism 1, spit poison 1, AC +0
a: Spit Poison


You were on level 1 of the Dungeon.
You were not hungry.

You visited 1 branch of the dungeon, and saw 1 of its levels.

You collected 32 gold pieces.

Inventory:

Hand Weapons
 e - a +0 dagger (weapon)
Armour
 a - a +0 robe (worn)
Scrolls
 d - a scroll of enchant armour {unknown}
Potions
 b - a potion of ambrosia {unknown}
Comestibles
 c - 2 rations
 f - a chunk of flesh


   Skills:
 + Level 1.6 Dodging
 + Level 3.1 Stealth
 + Level 2.0 Spellcasting
 * Level 1.1 Conjurations
 - Level 4.0 Poison Magic


You had 3 spell levels left.
You knew the following spells:

 Your Spells              Type           Power        Failure   Level  Hunger
a - Sting                 Conj/Pois      #...         8%          1    #......

Your spell library contained the following spells:

 Spells                   Type           Power        Failure   Level  Hunger
 Mephitic Cloud           Conj/Pois/Air  #.......     32%         3    ###....
 Venom Bolt               Conj/Pois      #.........   91%         5    ######.
 Olgreb's Toxic Radiance  Pois           ##......     38%         4    #####..
 Poisonous Vapours        Pois/Air       #.....       14%         2    ###....


Dungeon Overview and Level Annotations

Branches:
Dungeon (1/15)

Altars:


Innate Abilities, Weirdness & Mutations

You cannot wear boots.
Your serpentine skin is tough. (AC +0)
You have supernaturally acute eyesight. (SInv)
Armour fits poorly on your strangely shaped body.
Your system is resistant to poisons. (rPois)
You cover ground very slowly.
You have a slow metabolism.
You can spit poison.


Message History

Aim: a goblin, wielding a dagger The sting hits the goblin.
The goblin is poisoned.
The goblin is moderately wounded.
The goblin hits you but does no damage. The goblin hits you with a dagger.
The goblin hits you with a dagger. The goblin hits you but does no damage.
You see here 17 stones.
The goblin looks more healthy.
You open the door. The goblin hits you with a dagger.
* * * LOW HITPOINT WARNING * * *
The goblin hits you with a dagger.
* * * LOW HITPOINT WARNING * * *
There is an open door here.
Casting: Sting (safe; 8% risk of failure)
Confirm with . or Enter, or press ? or * to list all spells.
You don't have enough magic to cast that spell.
Unknown command.
The goblin hits you with a dagger.
You die...

.## ..#.##.#.........#........#
... ..#.##.########..#...######
.##.###.#............#.#...# #
..!.....###...(†.......#.#######
.##.#.##.#...###.###.#...........
.........#.#####'###.#.#######'##
......#..#.##...K....#.# #...#
...##.#....##...g....#.# #...# ..
#.#..####...@....#.# ###...# .
#.#>.............#.# #......
#.#...........##.#.# #......
..#...........#### .........
###.#............ ......⌠..
#...#.####..### #.........
###.#.# #.... ####..(... #.#.#
#...## #...... #.#.. ... ###...#


You could see a goblin and a kobold.

Vanquished Creatures
  A ball python (D:1)
  2 frilled lizards (D:1)
  A rat (D:1)
4 creatures vanquished.

Notes
Turn   | Place    | Note
-------+----------+-------------------------------------------
     0 | D:1      | lemonriz the Naga Venom Mage began the quest for the Orb.
     0 | D:1      | Reached XP level 1. HP: 15/15 MP: 3/3
   122 | D:1      | Slain by a goblin

Vault maps used:
D:1:      minmay_arrival_cross

Action                   || total
-------------------------++-------
 Cast: Sting             ||     7
Dodge: Dodged            ||     4

Table legend:
 A = Spawn XP
 B = Non-spawn XP
 C = Spawn XP percentage of total XP
 D = Spawn monster count
 E = Non-spawn monster count
 F = Spawn count percentage of total count
 G = Total turns spent on level
                    A         B        C        D         E        F      G
               +---------+---------+-------+---------+---------+-------+---------
         Total |       0 |       4 |   0.0 |       0 |       4 |   0.0 |   122
               +---------+---------+-------+---------+---------+-------+---------
           D:1 |       0 |       4 |   0.0 |       0 |       4 |   0.0 |   122
               +---------+---------+-------+---------+---------+-------+---------
